 Dungeon Crawl Stone Soup version 0.16-a0-3933-g06ce5c0 (webtiles) character file.

15141 abixa the Martial Artist (level 12, -3/65 HPs)
             Began as a Vine Stalker Monk on Feb 5, 2015.
             Was a High Priest of Okawaru.
             Slain by a freezing wraith (4 damage)
             ... in an ice cave.
             The game lasted 01:03:10 (11055 turns).

abixa the Martial Artist (Vine Stalker Monk)       Turns: 11055, Time: 01:03:10

Health: -3/65      AC: 14    Str: 14      XL:     12   Next: 23%
Magic:  0/27       EV: 16    Int: 14      God:    Okawaru [*****.]
Gold:   658        SH:  0    Dex: 17 (18) Spells: 1 memorised, 10 levels left

rFire  . . .     SeeInvis .       - Unarmed
rCold  + + .     Clarity  .     a - +1 scale mail {rC+}
rNeg   . . .     SustAb   .     (no shield)
rPois  .         Gourm    .     H - +0 helmet
rElec  .         Spirit   +     t - +1 cloak {MR+}
rCorr  .         Warding  .     W - +0 pair of gloves
rMut   .         Stasis   .     (no boots)
MR     ++...                    L - amulet of faith
Stlth  +.........               K - +5 ring of slaying
                                w - ring of protection from cold

@: confused, heroism, slowed, very slow, very resistant to hostile enchantments,
very unstealthy
A: fangs 3, regeneration 3, magic shield, antimagic bite, no device heal 3, rot
immunity
a: Heroism, Finesse, Renounce Religion


You were in an ice cave.
You worshipped Okawaru.
Okawaru was extremely pleased with you.
You were not hungry.

You visited 3 branches of the dungeon, and saw 14 of its levels.
You also visited: Ossuary, Bailey and Ice Cave.

You collected 658 gold pieces.

Inventory:

Missiles
 d - 5 throwing nets (quivered)
 u - 6 curare-tipped needles
 x - 29 poisoned needles
Armour
 a - a +1 scale mail of cold resistance (worn)
 b - a +2 pair of boots of stealth
 t - a +1 cloak of magic resistance (worn)
 H - a +0 helmet (worn)
 W - a +0 pair of gloves (worn)
Jewellery
 w - a ring of protection from cold (left hand)
 K - a +5 ring of slaying (right hand)
 L - an amulet of faith (around neck)
Magical devices
 e - a wand of fireball (0)
 f - a wand of flame (8)
 h - a wand of polymorph (8)
 o - a wand of random effects (26)
 s - a wand of enslavement (11)
 Q - a wand of polymorph (10)
 V - a wand of teleportation (5)
 Y - a wand of slowing (22)
Scrolls
 i - 2 scrolls of remove curse
 m - 4 scrolls of fog
 D - a scroll of recharging {unknown}
 O - 6 scrolls of teleportation
 T - 2 scrolls of amnesia {unknown}
 X - a scroll of brand weapon {unknown}
Potions
 l - a potion of beneficial mutation {unknown}
 q - 3 potions of haste
 r - 3 potions of invisibility
 z - 2 potions of restore abilities
 I - 2 potions of mutation {unknown}
 J - 3 potions of might
 M - a potion of agility {unknown}
 P - a potion of berserk rage {unknown}
 R - 5 potions of ambrosia
Comestibles
 c - 9 bread rations


   Skills:
 + Level 8.4(13.4) Fighting
 + Level 4.7(9.7) Armour
 + Level 6.4(11.4) Dodging
 - Level 5.0(10.0) Stealth
 * Level 11.6(16.6) Unarmed Combat
 - Level 2.2 Summonings
 - Level 9.4 Invocations


You had 10 spell levels left.
You knew the following spells:

 Your Spells              Type           Power        Failure   Level  Hunger
a - Summon Butterflies    Summ           #.......     38%         1    ##.....


Dungeon Overview and Level Annotations

Branches:
Dungeon (12/15)            Temple (1/1) D:6            Lair (1/8) D:10
    Orc: D:9-12

Altars:
Ashenzari
Cheibriados
Dithmenos
Elyvilon
Fedhas
Gozag
Kikubaaqudgha
Makhleb
Nemelex Xobeh
Okawaru
Qazlal
Ru
Sif Muna
Trog
Vehumet
Xom
Yredelemnul
Zin
The Shining One

Shops:
D:7 :   D:9 :

Annotations:
D:1 disint for food
D:6 fly for centaurs
D:9 food, wands


Innate Abilities, Weirdness & Mutations

You have razor-sharp teeth.
You regenerate.
When hurt, damage is shared between your health and your magic reserves.
Your bite disrupts and absorbs the magic of your enemies.
Potions and wands cannot restore your health.
You are immune to rotting.


Message History

Unknown command.
Unknown command.
Drink which item? (? for menu, Esc to quit)
You are confused.
You feel invigorated.
The ice beast hits you but does no damage.
The freezing wraith misses you. x2
The ice beast closely misses you.
The freezing wraith hits you but does no damage. x2
You bump into the ice covered rock wall.
The freezing wraith hits you.
* * * LOW HITPOINT WARNING * * *
The freezing wraith freezes you. You resist.
* * * LOW HITPOINT WARNING * * *
The freezing wraith hits you but does no damage.
The ice beast misses you. The freezing wraith hits you!
* * * LOW HITPOINT WARNING * * *
The freezing wraith freezes you. You resist.
You die...

#...## #..####Y...#
##.## ##..# ##...# ###
##..## ##.## ##...# ###
#### ##.Y..## ##..##
#### #......#
##....#####..####.....##
#.......##....##.......#
#.∩.∩.......#@Y........#
#..........###W........#
##....##..## ###......##
##..###### ##.....# ####
#......# ##....## ##..##
####


You could see a freezing wraith and an ice beast.

Vanquished Creatures
  A hydra (Lair:1)
  A deep elf knight (Bailey)
  The ghost of abixa the Cleaver, an experienced MiHu of Okawaru (D:8)
  A hill giant (D:9)
  An ugly thing (D:10)
  Maurice (D:9)
  A komodo dragon (Lair:1)
  2 spiny frogs (Lair:1)
  5 freezing wraiths (IceCv)
  A troll (D:10)
  The ghost of ConnectionFaild the Covert, an experienced SpAr of Nemelex Xobeh (D:6)
  3 deep elf priests (Bailey)
  A basilisk (Lair:1)
  A wyvern (D:9)
  A hungry ghost (D:10)
  Eustachio (D:6)
  3 deep elf magi (Bailey)
  A death yak simulacrum (IceCv)
  2 hippogriffs
  2 wargs (D:10)
  4 deep elf fighters (Bailey)
  2 orc warriors
  2 porcupines (Lair:1)
  A wasp (D:9)
  A black bear (Lair:1)
  2 necrophages
  4 sky beasts
  10 ogres
  A phantom (D:8)
  5 centaurs
  14 ice beasts
  An eye of draining (D:9)
  Sigmund (D:7)
  9 giant frogs
  7 scorpions
  A goliath beetle (D:8)
  A quasit (D:11)
  8 crimson imps
  3 giant frog zombies
  7 hounds
  2 centaur skeletons
  5 centaur zombies
  A jelly (D:10)
  5 iguanas
  9 orc priests
  7 orc wizards
  7 worker ants
  2 ogre zombies (Ossuary)
  3 polar bear simulacra (IceCv)
  Ijyb (D:6)
  A hound zombie (D:7)
  2 hound skeletons
  7 mummies (Ossuary)
  A worker ant zombie (D:9)
  7 adders
  7 gnolls (D:9)
  4 shadow imps
  5 white imps (IceCv)
  3 giant mites
  5 worms
  2 adder skeletons
  5 adder zombies (Ossuary)
  5 giant geckos
  3 oozes (D:1)
  32 orcs
  10 bats
  2 bat zombies
  6 giant cockroaches
  14 hobgoblins
  4 jackals (D:10)
  14 kobolds
  3 ball pythons
  6 giant newts
  A giant spore (D:8)
  27 goblins
  2 goblin zombies (Ossuary)
  4 hobgoblin zombies
  3 kobold zombies (Ossuary)
  8 quokkas
  A quokka skeleton (D:5)
  9 quokka zombies (Ossuary)
  15 rats
  5 rat zombies
  2 ballistomycetes (D:8)
382 creatures vanquished.

Vanquished Creatures (others)
  A giant spore (D:9)
1 creature vanquished.

Grand Total: 383 creatures vanquished

Notes
Turn   | Place    | Note
--------------------------------------------------------------
     0 | D:1      | abixa, the Vine Stalker Monk, began the quest for the Orb.
     0 | D:1      | Reached XP level 1. HP: 11/11 MP: 1/1
   127 | D:1      | Reached XP level 2. HP: 10/16 MP: 3/3
   909 | D:1      | Reached XP level 3. HP: 19/19 MP: 4/4
  1038 | D:1      | Reached skill level 5 in Unarmed Combat
  1635 | D:2      | Reached XP level 4. HP: 14/23 MP: 2/5
  1777 | D:3      | Found a stormy altar of Qazlal.
  1777 | D:3      | Found an iron altar of Okawaru.
  1782 | D:3      | Became a worshipper of Warmaster Okawaru
  1782 | D:3      | Acquired Okawaru's first power
  1804 | D:3      | Noticed a giant frog
  1860 | D:2      | Killed a giant frog
  1860 | D:2      | Reached skill level 6 in Unarmed Combat
  1860 | D:2      | Reached XP level 5. HP: 14/27 MP: 4/7
  1917 | D:3      | Noticed an ogre
  1925 | D:3      | Killed an ogre
  1925 | D:3      | Gained mutation: You heal very quickly. [vine stalker growth]
  1925 | D:3      | Reached XP level 6. HP: 15/32 MP: 7/10
  2020 | D:3      | Found an ancient bone altar of Kikubaaqudgha.
  2833 | D:4      | Reached skill level 7 in Unarmed Combat
  2833 | D:4      | Reached XP level 7. HP: 36/36 MP: 11/11
  2878 | D:4      | Found a blossoming altar of Fedhas.
  3268 | D:5      | Entered Level 5 of the Dungeon
  3293 | D:5      | Gained mutation: You have razor-sharp teeth. [vine stalker growth]
  3293 | D:5      | Reached XP level 8. HP: 29/42 MP: 10/14
  3336 | D:5      | Reached skill level 8 in Unarmed Combat
  3614 | D:5      | Reached skill level 5 in Fighting
  3625 | D:5      | Found a sparkling altar of Nemelex Xobeh.
  4252 | D:6      | Found a staircase to the Ecumenical Temple.
  4262 | Temple   | Entered the Ecumenical Temple
  4622 | D:6      | Reached skill level 1 in Armour
  4622 | D:6      | Reached XP level 9. HP: 33/48 MP: 15/15
  4771 | D:6      | Reached skill level 9 in Unarmed Combat
  4796 | D:6      | Noticed Ijyb
  4814 | D:6      | Killed Ijyb
  4883 | D:6      | Noticed ConnectionFaild's ghost (experienced SpAr)
  4899 | D:7      | Noticed Sigmund
  4968 | D:6      | Learned a level 1 spell: Summon Butterflies
  4984 | D:6      | Killed ConnectionFaild's ghost
  5013 | D:6      | Noticed Eustachio
  5021 | D:6      | Killed Eustachio
  5021 | D:6      | Acquired Okawaru's second power
  5021 | D:6      | Reached skill level 1 in Summonings
  5146 | D:6      | Found a snail-covered altar of Cheibriados.
  5630 | D:7      | Found Ularch Aliu's Book Boutique.
  5715 | D:7      | Killed Sigmund
  5748 | D:7      | Received a gift from Okawaru
  5920 | D:7      | Reached skill level 5 in Dodging
  5938 | D:7      | Reached XP level 10. HP: 52/55 MP: 17/17
  5941 | D:7      | Reached skill level 10 in Unarmed Combat
  6225 | D:7      | Got a fine robe
  6236 | D:7      | Identified the +3 robe "Zubivyuq" {rF- rC+ Int+2} (You found it on level 7 of the Dungeon)
  7032 | D:8      | Found a sand-covered staircase.
  7055 | Ossuary  | Entered an ossuary
  7573 | D:8      | Found a flagged portal.
  7605 | Bailey   | Entered a bailey
  7645 | Bailey   | Reached skill level 5 in Invocations
  7740 | Bailey   | Noticed a deep elf knight
  7747 | Bailey   | Killed a deep elf knight
  7853 | D:8      | Noticed abixa's ghost (experienced MiHu)
  8073 | D:8      | Reached XP level 11. HP: 58/58 MP: 25/25
  8201 | D:8      | Killed abixa's ghost
  8253 | D:8      | Found a shimmering altar of Xom.
  8255 | D:8      | Found a shimmering altar of Xom.
  8255 | D:8      | Found a shimmering altar of Xom.
  8255 | D:8      | Found a shimmering altar of Xom.
  8256 | D:8      | Found a shimmering altar of Xom.
  8256 | D:8      | Found a shimmering altar of Xom.
  8256 | D:8      | You fall through a shaft!
  8302 | D:9      | Received a gift from Okawaru
  8604 | D:9      | Noticed Maurice
  8711 | D:9      | Found Ezawages' Book Shop.
  8977 | D:9      | You fall through a shaft for 3 floors!
  9162 | D:11     | Found a shimmering altar of Xom.
  9175 | D:10     | Entered Level 10 of the Dungeon
  9504 | D:9      | Found a shimmering altar of Xom.
  9511 | D:9      | Found a sparkling altar of Nemelex Xobeh.
  9617 | D:9      | Noticed a hill giant
  9626 | D:9      | Killed a hill giant
 10047 | D:9      | Killed Maurice
 10366 | D:10     | Found a staircase to the Lair.
 10450 | Lair:1   | Entered Level 1 of the Lair of Beasts
 10505 | Lair:1   | Received a gift from Okawaru
 10552 | Lair:1   | Noticed a six-headed hydra
 10624 | Lair:1   | Found a frozen archway.
 10653 | Lair:1   | Reached skill level 5 in Stealth
 10667 | Lair:1   | Received a gift from Okawaru
 10667 | Lair:1   | Reached skill level 11 in Unarmed Combat
 10703 | Lair:1   | Killed a six-headed hydra
 10703 | Lair:1   | Gained mutation: You regenerate. [vine stalker growth]
 10703 | Lair:1   | Reached XP level 12. HP: 44/65 MP: 27/27
 10740 | IceCv    | Entered an ice cave
 11052 | IceCv    | HP: 3/65 [freezing wraith (4)]
 11055 | IceCv    | HP: 1/65 [freezing wraith (2)]
 11055 | IceCv    | Slain by a freezing wraith

Action                   |  1- 3 |  4- 6 |  7- 9 | 10-12 || total
-------------------------+-------+-------+-------+-------++-------
Melee: Unarmed           |    99 |   147 |   360 |   627 ||  1233
 Fire: Blowgun           |       |       |    22 |       ||    22
Throw: Stone             |    10 |       |       |       ||    10
       Javelin           |       |       |       |     2 ||     2
Invok: Heroism           |       |     1 |       |     5 ||     6
       Finesse           |       |       |       |     2 ||     2
Evoke: Wand              |       |       |       |    16 ||    16
  Use: Scroll            |       |       |     8 |     9 ||    17
       Potion            |       |       |       |     1 ||     1
 Stab: Sleeping          |     6 |       |     2 |     2 ||    10
  Eat: Chunk             |     2 |     4 |    10 |    16 ||    32
       Meat ration       |       |       |       |     1 ||     1
